SAA
ATHLETIC CLUB KC ACADEMY @ LANNISTER UNITED LIONHEARTS
08/23/2032
 
TOP OF THE 1ST
Athletic Club KC Academy batting - Pitching for Lannister United Lionhearts : RHP Forest Stanley
Pitching: RHP Forest Stanley
Batting: LHB Chi-hun Chong 0-0: Ball
1-0: Ball
2-0: Swinging Strike
2-1: Ground out 4-3 (Groundball, 4)
Batting: RHB Colin Bottone 0-0: Ball
1-0: Foul Ball, location: 2F
1-1: Foul Ball, location: 2F
1-2: Ball
2-2: Ball
3-2: Fly out, F8 (Flyball, 8RM)
Batting: RHB Dewey Nauss 0-0: Ball
1-0: Called Strike
1-1: Called Strike
1-2: Foul Ball, location: 2F
1-2: Ball
2-2: Strikes out swinging, 2-3 out at first.
Top of the 1st over - 0 runs, 0 hits, 0 errors, 0 left on base; Athletic Club KC Academy 0 - Lannister United 0
BOTTOM OF THE 1ST
Lannister United Lionhearts batting - Pitching for Athletic Club KC Academy : LHP Ben Skelton
Pitching: LHP Ben Skelton
Batting: RHB Melvin Thomas 0-0: Foul Ball, location: 2F
0-1: Called Strike
0-2: Ball
1-2: Ball
2-2: Fly out, F8 (Flyball, 8LD)
Batting: RHB Bill Boyd 0-0: Ball
1-0: SINGLE (Groundball, 4D)
Batting: SHB Vernon T. Waldrip 0-0: Ball
1-0: Swinging Strike
1-1: SINGLE (Line Drive, 78M)
Bill Boyd to second
Batting: RHB Mareka Naidoo 0-0: Grounds into double play, 1-6-3 (Groundball, P)
Bottom of the 1st over - 0 runs, 2 hits, 0 errors, 1 left on base; Athletic Club KC Academy 0 - Lannister United 0
TOP OF THE 2ND
Athletic Club KC Academy batting - Pitching for Lannister United Lionhearts : RHP Forest Stanley
Batting: RHB Abeni Mbanefo 0-0: Swinging Strike
0-1: Swinging Strike
0-2: Ball
1-2: Foul Ball, location: 2F
1-2: Ground out 5-3 (Groundball, 5L)
Batting: SHB Ijsbrand van Hoogewegen 0-0: Ball
1-0: Foul Ball, location: 2F
1-1: Ball
2-1: Swinging Strike
2-2: Strikes out swinging
Batting: LHB Miguel Vásquez 0-0: Foul Ball, location: 2F
0-1: Foul Ball, location: 2F
0-2: Ball
1-2: Ball
2-2: Reached on error, E3 (Groundball, 34)
Batting: LHB Luis Miguel González 0-0: Fly out, F9 (Flyball, 9LM)
Top of the 2nd over - 0 runs, 0 hits, 1 error, 1 left on base; Athletic Club KC Academy 0 - Lannister United 0
BOTTOM OF THE 2ND
Lannister United Lionhearts batting - Pitching for Athletic Club KC Academy : LHP Ben Skelton
Batting: RHB Chong-yee Au-Yong 0-0: Foul Ball, location: 2F
0-1: Ball
1-1: Called Strike
1-2: Ball
2-2: Ground out 6-3 (Groundball, 6D)
Batting: RHB Manny García 0-0: Foul Ball, location: 2F
0-1: Foul Ball, location: 2F
0-2: Foul Ball, location: 2F
0-2: Ground out 5-3 (Groundball, 5S)
Batting: RHB Juan López 0-0: Fly out, F8 (Flyball, 8RM)
Bottom of the 2nd over - 0 runs, 0 hits, 0 errors, 0 left on base; Athletic Club KC Academy 0 - Lannister United 0
TOP OF THE 3RD
Athletic Club KC Academy batting - Pitching for Lannister United Lionhearts : RHP Forest Stanley
Batting: RHB Francisco Vigil 0-0: Ball
1-0: Foul Ball, location: 2F
1-1: Swinging Strike
1-2: SINGLE (Line Drive, 8LS)
Batting: SHB Tomás Solorzano 0-0: Swinging Strike
0-1: SINGLE (Groundball, 4D)
Francisco Vigil to second
Runner from 2nd tries for 3rd, SAFE, no throw
Batting: LHB Chi-hun Chong 0-0: Ball
1-0: Ball
2-0: Called Strike
2-1: Ball
3-1: Base on Balls
Tomás Solorzano to second
Batting: RHB Colin Bottone 0-0: Fly out, F7 (Flyball, 78S)
Runner from 3rd tags up, SCORES, no throw
Batting: RHB Dewey Nauss 0-0: Called Strike
0-1: Ball
1-1: Foul Ball, location: 2F
1-2: Foul Ball, location: 2F
1-2: Ball
2-2: Ball
3-2: Foul Ball, location: 2F
3-2: Foul Ball, location: 2F
3-2: Strikes out swinging
Batting: RHB Abeni Mbanefo 0-0: Called Strike
0-1: Swinging Strike
0-2: Ball
1-2: Fly out, F7 (Flyball, 7LMF)
Top of the 3rd over - 1 run, 2 hits, 0 errors, 2 left on base; Athletic Club KC Academy 1 - Lannister United 0
BOTTOM OF THE 3RD
Lannister United Lionhearts batting - Pitching for Athletic Club KC Academy : LHP Ben Skelton
Batting: RHB Albert August 0-0: Called Strike
0-1: Ball
1-1: Ball
2-1: Foul Ball, location: 2F
2-2: Strikes out swinging
Batting: LHB Takahiro Suzuki 0-0: Ball
1-0: Ground out U3 (Groundball, 34)
Batting: RHB Melvin Thomas 0-0: Ball
1-0: Foul Ball, location: 2F
1-1: Ball
2-1: Fly out, F7 (Flyball, 7)
Bottom of the 3rd over - 0 runs, 0 hits, 0 errors, 0 left on base; Athletic Club KC Academy 1 - Lannister United 0
TOP OF THE 4TH
Athletic Club KC Academy batting - Pitching for Lannister United Lionhearts : RHP Forest Stanley
Batting: SHB Ijsbrand van Hoogewegen 0-0: Called Strike
0-1: Foul Ball, location: 2F
0-2: Ball
1-2: Foul Ball, location: 2F
1-2: Strikes out swinging
Batting: LHB Miguel Vásquez 0-0: Called Strike
0-1: Swinging Strike
0-2: Fly out, F9 (Flyball, 89S)
Batting: LHB Luis Miguel González 0-0: Foul Ball, location: 2F
0-1: Ball
1-1: DOUBLE (Line Drive, 9LM)
Batting: RHB Francisco Vigil 0-0: Ball
1-0: Called Strike
1-1: Ball
2-1: Ball
Wild Pitch!
Luis Miguel González to third
3-1: Base on Balls
Batting: SHB Tomás Solorzano 0-0: Foul Ball, location: 2F
0-1: Ball
1-1: Called Strike
1-2: Foul Ball, location: 2F
1-2: Ball
2-2: Ball
3-2: Foul Ball, location: 2F
3-2: Ground out 6-3 (Groundball, 6)
Top of the 4th over - 0 runs, 1 hit, 0 errors, 2 left on base; Athletic Club KC Academy 1 - Lannister United 0
BOTTOM OF THE 4TH
Lannister United Lionhearts batting - Pitching for Athletic Club KC Academy : LHP Ben Skelton
Batting: RHB Bill Boyd 0-0: SINGLE (Line Drive, 34D)
Batting: SHB Vernon T. Waldrip 0-0: Ball
1-0: SINGLE (Line Drive, 8LS)
Bill Boyd to second
Batting: RHB Mareka Naidoo 0-0: Foul Ball, location: 2F
0-1: Ball
1-1: DOUBLE (Flyball, 8RXD)
Bill Boyd scores
Vernon T. Waldrip to third
Batting: RHB Chong-yee Au-Yong 0-0: Swinging Strike
0-1: Ball
1-1: Ground out 5-3 (Groundball, 5S)
Vernon T. Waldrip scores
Mareka Naidoo to third
Batting: RHB Manny García 0-0: Ground out 3-1 (Groundball, 34)
Mareka Naidoo scores
Batting: RHB Juan López 0-0: Ground out 6-3 (Groundball, 6)
Bottom of the 4th over - 3 runs, 3 hits, 0 errors, 0 left on base; Athletic Club KC Academy 1 - Lannister United 3
TOP OF THE 5TH
Athletic Club KC Academy batting - Pitching for Lannister United Lionhearts : RHP Forest Stanley
Batting: LHB Chi-hun Chong 0-0: Swinging Strike
0-1: Called Strike
0-2: Foul Ball, location: 2F
0-2: Strikes out looking
Batting: RHB Colin Bottone 0-0: Ball
1-0: Ground out 6-3 (Groundball, 6M)
Batting: RHB Dewey Nauss 0-0: Ball
1-0: DOUBLE (Line Drive, 7LM)
Batting: RHB Abeni Mbanefo 0-0: Ball
1-0: Called Strike
1-1: Ball
2-1: Ball
3-1: Foul Ball, location: 2F
3-2: Ground out 5-3 (Groundball, 5S)
Top of the 5th over - 0 runs, 1 hit, 0 errors, 1 left on base; Athletic Club KC Academy 1 - Lannister United 3
BOTTOM OF THE 5TH
Lannister United Lionhearts batting - Pitching for Athletic Club KC Academy : LHP Ben Skelton
Batting: RHB Albert August 0-0: Called Strike
0-1: Swinging Strike
0-2: Foul Ball, location: 2F
0-2: Ball
1-2: Ball
2-2: Ball
3-2: Base on Balls
Batting: LHB Takahiro Suzuki 0-0: Sac Bunt - play at first, batter OUT! 5-3
Albert August to second
Batting: RHB Melvin Thomas 0-0: Ground out 4-3 (Groundball, 4)
Albert August to third
Batting: RHB Bill Boyd 0-0: Ball
1-0: Ball
2-0: Called Strike
2-1: Foul Ball, location: 2F
2-2: Strikes out swinging
Bottom of the 5th over - 0 runs, 0 hits, 0 errors, 1 left on base; Athletic Club KC Academy 1 - Lannister United 3
TOP OF THE 6TH
Athletic Club KC Academy batting - Pitching for Lannister United Lionhearts : RHP Forest Stanley
Batting: SHB Ijsbrand van Hoogewegen 0-0: Fly out, F9 (Flyball, 89S)
Batting: LHB Miguel Vásquez 0-0: Fly out, F8 (Flyball, 8RM)
Batting: LHB Luis Miguel González 0-0: Ball
1-0: Ball
2-0: Ball
3-0: Called Strike
3-1: Called Strike
3-2: Base on Balls
Batting: RHB Francisco Vigil 0-0: Ball
1-0: Ground out 4-3 (Groundball, 4)
Top of the 6th over - 0 runs, 0 hits, 0 errors, 1 left on base; Athletic Club KC Academy 1 - Lannister United 3
BOTTOM OF THE 6TH
Lannister United Lionhearts batting - Pitching for Athletic Club KC Academy : LHP Ben Skelton
Batting: SHB Vernon T. Waldrip 0-0: Called Strike
0-1: SINGLE (Line Drive, 5)
Batting: RHB Mareka Naidoo 0-0: Ball
1-0: Ball
2-0: Ball
3-0: Called Strike
3-1: Base on Balls
Vernon T. Waldrip to second
Batting: RHB Chong-yee Au-Yong 0-0: Ball
Vernon T. Waldrip steals 3rd base
1-0: Called Strike
1-1: Called Strike
1-2: Ball
2-2: SINGLE (Flyball, 8LM)
Vernon T. Waldrip scores
Mareka Naidoo to second
Batting: RHB Manny García 0-0: SINGLE (Groundball, 56D)
Mareka Naidoo to third
Chong-yee Au-Yong to second
Batting: RHB Juan López 0-0: Ball
1-0: Called Strike
1-1: Grounds into fielders choice 4-2 (Groundball, 4)
Chong-yee Au-Yong to third
Manny García to second
Batting: RHB Albert August 0-0: Ball
1-0: SINGLE (Groundball, 56D)
Chong-yee Au-Yong scores
Manny García to third
Juan López to second
Batting: LHB Takahiro Suzuki 0-0: Called Strike
0-1: Called Strike
0-2: Ball
1-2: Ball
2-2: Strikes out swinging
Batting: RHB Melvin Thomas 0-0: GRAND SLAM HOME RUN (Flyball, 9LD), Distance : 356 ft
Batting: RHB Bill Boyd 0-0: SINGLE (Groundball, 34D)
Batting: SHB Vernon T. Waldrip 0-0: SINGLE (Groundball, 56) (infield hit)
Bill Boyd to second
Batting: RHB Mareka Naidoo 0-0: Called Strike
0-1: Ball
1-1: Ball
2-1: Fly out, F3 (Popup, 3SF)
Bottom of the 6th over - 6 runs, 7 hits, 0 errors, 2 left on base; Athletic Club KC Academy 1 - Lannister United 9
TOP OF THE 7TH
Athletic Club KC Academy batting - Pitching for Lannister United Lionhearts : RHP Forest Stanley
Pitching: LHP Fernando Elías
Batting: SHB Tomás Solorzano 0-0: Foul Ball, location: 2F
0-1: Swinging Strike
0-2: Ball
1-2: Ball
2-2: Ball
3-2: Foul Ball, location: 2F
3-2: Foul Ball, location: 2F
3-2: SINGLE (Groundball, 56S) (infield hit)
Batting: LHB Chi-hun Chong 0-0: Ball
1-0: Ball
2-0: Ball
3-0: Base on Balls
Tomás Solorzano to second
Batting: RHB Colin Bottone 0-0: Called Strike
Passed Ball!
Tomás Solorzano to third
Chi-hun Chong to second
0-1: Swinging Strike
0-2: Ball
1-2: Foul Ball, location: 2F
1-2: Strikes out swinging
Batting: RHB Dewey Nauss 0-0: Called Strike
0-1: Called Strike
0-2: Strikes out swinging
Batting: RHB Abeni Mbanefo 0-0: Swinging Strike
0-1: Ground out U3 (Groundball, 3)
Top of the 7th over - 0 runs, 1 hit, 0 errors, 2 left on base; Athletic Club KC Academy 1 - Lannister United 9
BOTTOM OF THE 7TH
Lannister United Lionhearts batting - Pitching for Athletic Club KC Academy : LHP Ben Skelton
Batting: RHB Chong-yee Au-Yong 0-0: Called Strike
0-1: Ball
1-1: SINGLE (Groundball, 56D)
Pitching: LHP Jeffrey Fluker
Batting: RHB Manny García 0-0: Called Strike
0-1: Swinging Strike
0-2: Foul Ball, location: 2F
0-2: 2-RUN HOME RUN (Line Drive, 7LD), Distance : 334 ft
Batting: RHB Juan López 0-0: Ground out 4-3 (Groundball, 4)
Batting: RHB Albert August 0-0: Ball
1-0: Swinging Strike
1-1: Ball
2-1: Swinging Strike
2-2: Ball
3-2: Base on Balls
Batting: LHB Takahiro Suzuki 0-0: Ball
Albert August steals 2nd base
1-0: Ball
2-0: Called Strike
2-1: Fly out, F7 (Flyball, 78M)
Batting: RHB Melvin Thomas 0-0: SINGLE (Groundball, 6S) (infield hit)
Albert August to third
Batting: RHB Bill Boyd 0-0: Called Strike
0-1: Foul Ball, location: 2F
0-2: Ground out U3 (Groundball, 34S)
Bottom of the 7th over - 2 runs, 3 hits, 0 errors, 2 left on base; Athletic Club KC Academy 1 - Lannister United 11
TOP OF THE 8TH
Athletic Club KC Academy batting - Pitching for Lannister United Lionhearts : LHP Fernando Elías
Batting: SHB Ijsbrand van Hoogewegen 0-0: Called Strike
0-1: Foul Ball, location: 2F
0-2: Ball
1-2: Foul Ball, location: 2F
1-2: Foul Ball, location: 2F
1-2: Foul Ball, location: 2F
1-2: SINGLE (Groundball, 6MD)
Pinch Hitting: RHB Chee-hwa Tze 0-0: Called Strike
0-1: Foul Ball, location: 2F
0-2: Ball
1-2: Grounds into double play, 4-6-3 (Groundball, 4)
Batting: LHB Luis Miguel González 0-0: Swinging Strike
0-1: Foul Ball, location: 2F
0-2: Foul Ball, location: 2F
0-2: Ball
1-2: Strikes out swinging
Top of the 8th over - 0 runs, 1 hit, 0 errors, 0 left on base; Athletic Club KC Academy 1 - Lannister United 11
BOTTOM OF THE 8TH
Lannister United Lionhearts batting - Pitching for Athletic Club KC Academy : LHP Jeffrey Fluker
Now at 3B: Leonardo Hernández
Batting: SHB Vernon T. Waldrip 0-0: Ball
1-0: Called Strike
1-1: Ball
2-1: SINGLE (Groundball, 6) (infield hit)
Batting: RHB Mareka Naidoo 0-0: Ball
1-0: Foul Ball, location: 2F
1-1: Ball
2-1: Ball
3-1: Called Strike
3-2: Base on Balls
Vernon T. Waldrip to second
Batting: RHB Chong-yee Au-Yong 0-0: Grounds into double play, 3-6-4 (Groundball, 34)
Vernon T. Waldrip to third
Batting: RHB Manny García 0-0: Called Strike
0-1: Ground out 6-3 (Groundball, 6)
Bottom of the 8th over - 0 runs, 1 hit, 0 errors, 1 left on base; Athletic Club KC Academy 1 - Lannister United 11
TOP OF THE 9TH
Athletic Club KC Academy batting - Pitching for Lannister United Lionhearts : LHP Fernando Elías
Batting: RHB Francisco Vigil 0-0: Ball
1-0: Swinging Strike
1-1: SINGLE (Groundball, 56D)
Batting: SHB Tomás Solorzano 0-0: Called Strike
0-1: Ball
1-1: Foul Ball, location: 2F
1-2: Ball
2-2: Foul Ball, location: 2F
2-2: Ball
3-2: Grounds into double play, 6-4-3 (Groundball, 6)
Batting: LHB Chi-hun Chong 0-0: Ball
1-0: Called Strike
1-1: Swinging Strike
1-2: Foul Ball, location: 2F
1-2: Ball
2-2: Ball
3-2: Foul Ball, location: 2F
3-2: Ground out 4-3 (Groundball, 4S)
Top of the 9th over - 0 runs, 1 hit, 0 errors, 0 left on base; Athletic Club KC Academy 1 - Lannister United 11
Wednesday, September 19th, 2018 - OOTP Baseball 18.8 Build 76